 Dungeon Crawl Stone Soup version 0.24-a0-201-gf205589 (webtiles) character file.

Game seed: 15878712312302654871

72313 Nr616 the Impaler (level 15, -3/139 HPs)
             Began as a Centaur Monk on Mar 24, 2019.
             Was the Champion of Okawaru.
             Slain by a guardian serpent (14 damage)
             ... on level 4 of the Abyss.
             The game lasted 01:16:58 (27008 turns).

Nr616 the Impaler (Centaur Monk)                   Turns: 27008, Time: 01:17:00

Health: -3/139     AC: 33    Str: 26    XL:     15   Next: 0%
Magic:  0/16       EV: 10    Int:  9    God:    Okawaru [******]
Gold:   1294       SH:  7    Dex: 11    Spells: 14/14 levels left

rFire    . . .     SeeInvis .   a - +6 demon trident (elec)
rCold    + + +     Gourm    .   t - +2 buckler {AC+3}
rNeg     . . .     Faith    .   n - +2 chain mail {rPois}
rPois    +         Spirit   +   S - +1 helmet
rElec    +         Reflect  .   I - scarf {repulsion}
rCorr    .         Harm     .   p - +0 pair of gloves
MR       +....                  F - +3 centaur barding
Stlth    ..........             W - amulet of guardian spirit
HPRegen  0.33/turn              L - ring "Jeuph" {rElec rC+++ AC+4 Str+4 Dex-5}
MPRegen  0.15/turn              s - +6 ring of strength

@: heroism, slowed, repel missiles
A: large, hooves 3, deformed body, speed 2, low mp 1, tough skin 3
a: Heroism, Finesse, Renounce Religion


You were on level 4 of the Abyss.
You worshipped Okawaru.
Okawaru was exalted by your worship.
You were not hungry.

You visited 3 branches of the dungeon, and saw 20 of its levels.
You visited the Abyss 1 time.

You collected 1294 gold pieces.

Inventory:

Hand Weapons
 a - a +6 demon trident of electrocution (weapon)
 b - the +8 halberd "Hydra's Undoing" {freeze, Str+4}
   (Okawaru gifted it to you on level 1 of the Lair of Beasts)

   It has been specially enchanted to freeze those struck by it, causing extra
   injury to most foes and up to half again as much damage against particularly
   susceptible opponents.
   It can also slow down cold-blooded creatures.
   It affects your strength (+4).
Armour
 n - a +2 chain mail of poison resistance (worn)
 p - a +0 pair of gloves (worn)
 q - a +1 helmet of see invisible
 t - a +2 buckler of protection (worn)
 F - a +3 centaur barding (worn)
 I - a scarf of repulsion (worn)
 S - a +1 helmet (worn)
Jewellery
 o - an uncursed ring of stealth
 s - a +6 ring of strength (right hand)
 x - an uncursed ring of see invisible {unknown}
 L - the ring "Jeuph" (left hand) {rElec rC+++ AC+4 Str+4 Dex-5}
   (You found it on level 12 of the Dungeon)

   [ring of protection]

   It affects your AC (+4).
   It affects your strength (+4).
   It affects your dexterity (-5).
   It renders you almost immune to cold.
   It insulates you from electricity.
 O - an uncursed ring of fire
 W - an amulet of guardian spirit (around neck)
Wands
 f - a wand of iceblast (21)
 l - a wand of random effects (26)
 w - a wand of digging (8)
 y - a wand of disintegration (20)
 C - a wand of polymorph (5)
 H - a wand of scattershot (15)
 K - a wand of enslavement (9)
 N - a wand of paralysis (7)
Scrolls
 e - 7 scrolls of identify
 g - 2 scrolls of fog
 h - a scroll of blinking
 i - 15 scrolls of remove curse
 j - 6 scrolls of teleportation
 k - 4 scrolls of amnesia
 r - 2 scrolls of immolation
 v - 2 scrolls of magic mapping
 M - 2 scrolls of enchant armour
 Q - 2 scrolls of fear
Potions
 d - a potion of agility
 m - a potion of invisibility
 u - 4 potions of ambrosia
 z - a potion of might {unknown}
 A - a potion of berserk rage
 B - 7 potions of haste
 D - 4 potions of lignification
 E - 6 potions of curing
 G - 3 potions of flight
 J - a potion of magic
 R - a potion of resistance
Comestibles
 c - 30 rations


   Skills:
 * Level 14.5(19.5) Fighting
 - Level 16.0(21.0) Polearms
 + Level 6.8(11.8) Armour
 + Level 7.3(12.3) Dodging
 - Level 1.1(6.1) Stealth
 - Level 2.4(7.4) Shields
 - Level 5.0 Invocations


You had 14 spell levels left.
You didn't know any spells.
Your spell library contained the following spells:

 Spells                   Type           Power        Failure   Level  Hunger
 Corona                   Hex            #......      87%         1    ##.....
 Magic Dart               Conj           #...         87%         1    ##.....
 Sting                    Conj/Pois      #...         87%         1    ##.....
 Blink                    Tloc           N/A          95%         2    ###....
 Call Imp                 Summ           #.......     95%         2    ###....
 Poisonous Vapours        Pois/Air       #.....       95%         2    ###....
 Searing Ray              Conj           #.....       95%         2    ###....
 Slow                     Hex            #.......     95%         2    ###....
 Throw Flame              Conj/Fire      #.....       95%         2    ###....
 Conjure Flame            Conj/Fire      #.......     99%         3    ####...
 Dazzling Spray           Conj/Hex       #.....       99%         3    ####...
 Inner Flame              Hex/Fire       #.......     99%         3    ####...
 Mephitic Cloud           Conj/Pois/Air  #.......     99%         3    ####...
 Portal Projectile        Hex/Tloc       #.....       99%         3    ####...
 Static Discharge         Conj/Air       #.......     99%         3    ####...
 Tukima's Dance           Hex            #.......     99%         3    ####...
 Cause Fear               Hex            #.........   100%        4    #####..
 Force Lance              Conj/Tloc      #.......     100%        4    #####..
 Fulminant Prism          Conj/Hex       #.........   100%        4    #####..
 Iskenderun's Mystic Bla  Conj           #.......     100%        4    #####..
 Leda's Liquefaction      Hex/Erth       #.........   100%        4    #####..
 Sticky Flame             Conj/Fire      #.......     100%        4    #####..
 Bolt of Cold             Conj/Ice       #.........   100%        6    #######
 Darkness                 Hex            #.........   100%        6    #######
 Freezing Cloud           Conj/Ice/Air   #.........   100%        6    #######
 Invisibility             Hex            #.......     100%        6    #######
 Ring of Flames           Chrm/Fire      #.........   100%        7    #######


Dungeon Overview and Level Annotations

Branches:
Dungeon (13/15)            Temple (1/1) D:5            Lair (6/6) D:8
  Swamp (0/4) Lair:3        Snake (0/4) Lair:3        Slime (0/5) Lair:6
    Orc (0/2) D:11         Vaults (0/5) D:13

Altars:
Ashenzari
Cheibriados
Dithmenos
Elyvilon
Fedhas
Gozag
Hepliaklqana
Kikubaaqudgha
Makhleb
Nemelex Xobeh
Okawaru
Qazlal
Ru
Sif Muna
Trog
Uskayaw
Vehumet
Wu Jian
Xom
Yredelemnul
Zin
The Shining One
Jiyva

Shops:
D:6 :   D:9 *

Annotations:
D:11 3 runed translucent doors, vogonpoet's ghost, journeyman SpWr
D:13 Rupert
Lair:6 3 runed translucent doors, Voker57's ghost, journeyman DsGl


Innate Abilities, Weirdness & Mutations

You have hooves in place of feet.
Armour fits poorly on your strangely shaped body.
You cover ground very quickly.
You have extremely tough skin. (AC +3)
Your magical capacity is low. (-10% MP)


Message History

The spatial maelstrom hits you but does no damage.
You block the spatial maelstrom's attack.
The apocalypse crab bites you but does no damage.
The apocalypse crab claws you but does no damage.
You block the tentacled starspawn's attack.
The tentacled starspawn engulfs you.
* * * LOW HITPOINT WARNING * * *
You block the starspawn tentacle's attack.
The starspawn tentacle grabs you.
* * * LOW HITPOINT WARNING * * *
The starspawn tentacle constricts you. 2 starspawn tentacle segments come into view.
Unknown command.
You puncture the tentacled starspawn!
Lightning courses through the tentacled starspawn!
The starspawn tentacle loses its grip on you.
You kick the tentacled starspawn.
The tentacled starspawn is almost destroyed.
The guardian serpent hits you!
You die...

## ####. ..
#.###.v.###...
##..#.....#..... v
................ ## #
#....v.......... ## .
#.....vv...... .### .v
#.#.....# ... . . .
≈..#.#wtS###...###..# #
#...v│@X.#.... .. .. ..
##....Vw........... .
................#... .#
##..............##...#.#
....#.....#......# . ..
###.###...###...##.##.
.. #.# #.....#......##
.#._ #. .............
.... . . . .......#§ .#
#


You could see a tentacled starspawn, a spatial maelstrom, 4 spatial vortices, an
apocalypse crab, a guardian serpent and 2 starspawn tentacles.

Vanquished Creatures
  Gastronok (Lair:3)
  An ironheart preserver (D:13)
  A red draconian (Abyss:3)
  3 jiangshi (Abyss:3)
  8 hydras
  A rakshasa (Abyss:3)
  A vampire mage (Abyss:3)
  2 thrashing horrors (Abyss:3)
  3 unseen horrors
  A death drake (Abyss:3)
  4 wretched stars (Abyss:3)
  A shadow dragon zombie (Abyss:3)
  2 glowing orange brains (Abyss:3)
  Pikel (D:6)
  2 necromancers (Abyss:3)
  An orc knight (D:13)
  A mana viper (Abyss:3)
  6 worldbinders (Abyss:3)
  A manticore (Lair:4)
  A centaur zombie (D:13)
  A frost giant skeleton (Abyss:3)
  10 elephants
  3 black mambas
  A smoke demon (Abyss:3)
  A torpor snail (Lair:6)
  An orange demon (Abyss:3)
  6 spiny frogs
  3 rime drakes
  5 komodo dragons
  7 polar bears
  3 ancient zymes (Abyss:3)
  4 trolls
  3 slime creatures (Lair:6)
  7 large abominations
  A tyrant leech (Lair:3)
  2 raiju (Abyss:3)
  A hydra skeleton (Abyss:3)
  3 hornets (Lair:6)
  16 blink frogs
  5 dream sheep
  5 hippogriffs
  2 shadows
  3 ynoxinuls (Abyss:3)
  13 spriggans (Lair:6)
  An air elemental (Abyss:3)
  4 wyverns
  A vampire (D:12)
  38 yaks
  Eustachio (D:5)
  A neqoxec (Abyss:3)
  3 basilisks
  A chaos spawn (Abyss:3)
  2 hungry ghosts (D:8)
  A golden eye (Abyss:3)
  8 vampire mosquitoes
  Menkaure (D:6)
  5 nagas (Lair:3)
  Edmund (D:6)
  2 wargs
  A soldier ant (D:13)
  4 porcupines
  14 water moccasins
  2 sky beasts (D:7)
  6 orc warriors
  8 black bears
  2 eyes of draining
  3 ice beasts
  31 wolves
  4 small abominations (Abyss:3)
  3 centaurs
  6 ogres
  6 starcursed masses (Abyss:3)
  17 crocodiles
  4 boggarts (Lair:6)
  4 big kobolds
  21 bullfrogs
  Blork the orc (D:6)
  An earth elemental (Abyss:3)
  A wyvern zombie (D:6)
  A wyvern skeleton (D:12)
  4 scorpions
  9 killer bees
  19 wights
  5 hounds
  2 quasits (Abyss:3)
  3 crimson imps
  Crazy Yiuf (D:6)
  2 centaur skeletons
  4 jellies
  23 orc wizards
  2 bullfrog skeletons
  8 orc priests
  2 iguanas
  16 worker ants
  A hound skeleton (D:7)
  A howler monkey zombie (D:10)
  A worker ant zombie (D:10)
  19 adders
  3 shadow imps
  A white imp (Abyss:3)
  An ufetubus (Abyss:3)
  An ooze (D:4)
  2 adder skeletons
  2 worms (D:2)
  A dart slug (D:2)
  3 leopard geckos
  31 orcs
  2 ball pythons
  7 giant cockroaches
  9 goblins
  4 hobgoblins
  5 jackals
  13 kobolds
  7 quokkas
  9 bats
  12 frilled lizards
  2 quokka skeletons
  4 rats
599 creatures vanquished.

Vanquished Creatures (others)
  3 slaves (D:6)
  A small abomination (Abyss:3)
  An orc wizard (D:6)
  3 fungi
  4 starspawn tentacles (Abyss:3)
12 creatures vanquished.

Grand Total: 611 creatures vanquished

Notes
Turn   | Place    | Note
-------+----------+-------------------------------------------
     0 | D:1      | Nr616 the Centaur Monk began the quest for the Orb.
     0 | D:1      | Reached XP level 1. HP: 19/19 MP: 1/1
   116 | D:1      | Reached skill level 3 in Polearms
   150 | D:1      | Reached XP level 2. HP: 26/26 MP: 2/2
   498 | D:1      | Reached XP level 3. HP: 29/31 MP: 3/3
   914 | D:1      | Reached skill level 4 in Polearms
  1222 | D:2      | Reached XP level 4. HP: 38/38 MP: 4/4
  1481 | D:2      | Found a shattered altar of Ashenzari.
  1481 | D:2      | Found a deep blue altar of Sif Muna.
  1481 | D:2      | Found a hide-covered altar of Uskayaw.
  1781 | D:3      | Reached skill level 1 in Shields
  1867 | D:3      | Found an ancient bone altar of Kikubaaqudgha.
  2359 | D:3      | Reached XP level 5. HP: 45/45 MP: 5/5
  2500 | D:4      | Reached skill level 5 in Polearms
  2615 | D:4      | Found a sacrificial altar of Ru.
  3039 | D:4      | Reached XP level 6. HP: 29/51 MP: 6/6
  3454 | D:4      | Reached skill level 6 in Polearms
  3506 | D:4      | You fall through a shaft for 2 floors!
  3565 | D:6      | Noticed a slave
  3565 | D:6      | Noticed Pikel
  3565 | D:6      | Noticed a slave
  3572 | D:6      | Noticed a slave
  3593 | D:5      | Entered Level 5 of the Dungeon
  4194 | D:5      | Noticed an ice beast
  4231 | D:5      | Killed an ice beast
  4231 | D:5      | Reached XP level 7. HP: 48/57 MP: 7/7
  4568 | D:5      | Noticed Eustachio
  4749 | D:5      | Killed Eustachio
  4749 | D:5      | Reached skill level 7 in Polearms
  4994 | D:5      | HP: 3/60 [orc priest/divine providence (8)]
  5484 | D:5      | Found a staircase to the Ecumenical Temple.
  5490 | Temple   | Entered the Ecumenical Temple
  5562 | Temple   | Became a worshipper of Warmaster Okawaru
  5562 | Temple   | Reached * piety under Okawaru
  5562 | Temple   | Reached ** piety under Okawaru
  5589 | D:5      | Reached XP level 8. HP: 67/67 MP: 8/8
  5618 | D:5      | Found a burning altar of Makhleb.
  5620 | D:5      | Noticed a cacodemon
  5865 | D:5      | Reached skill level 1 in Invocations
  6142 | D:6      | Killed Pikel
  6142 | D:6      | Reached skill level 5 in Fighting
  6142 | D:6      | Reached skill level 8 in Polearms
  6198 | D:6      | Noticed Blork the orc
  6207 | D:6      | Killed Blork the orc
  6335 | D:6      | Found Ceog's Book Shop.
  6493 | D:6      | Noticed Edmund
  6515 | D:6      | Killed Edmund
  6576 | D:6      | Reached *** piety under Okawaru
  6576 | D:6      | Reached skill level 9 in Polearms
  6617 | D:6      | Reached XP level 9. HP: 67/75 MP: 11/11
  6719 | D:6      | Noticed Menkaure
  6728 | D:6      | Killed Menkaure
  6894 | D:6      | Identified Vorosut's Papyrus of Enchantment
  7008 | D:6      | Found a runed translucent door.
  7009 | D:6      | Noticed Crazy Yiuf
  7019 | D:6      | Killed Crazy Yiuf
  7967 | D:7      | Reached skill level 5 in Invocations
  7981 | D:7      | Got a slimy ring mail
  7982 | D:7      | Identified the +1 ring mail "Edyvvoah" {Str+4 Dex-2} (You
                  | found it on level 7 of the Dungeon)
  8162 | D:7      | You fall through a shaft for 2 floors!
  8174 | D:9      | Reached skill level 10 in Polearms
  8216 | D:9      | Reached **** piety under Okawaru
  8226 | D:9      | Noticed a troll
  8708 | D:7      | Found a glowing golden altar of the Shining One.
  8800 | D:7      | Reached XP level 10. HP: 41/86 MP: 13/13
  9384 | D:8      | Found a staircase to the Lair.
  9864 | D:8      | Reached skill level 11 in Polearms
 10182 | D:8      | Found a stormy altar of Qazlal.
 10487 | D:9      | Reached ***** piety under Okawaru
 10617 | D:9      | Found Xalygig's Assorted Antiques.
 11102 | D:9      | Reached skill level 12 in Polearms
 11223 | D:9      | Noticed a three-headed hydra
 11235 | D:9      | Killed a three-headed hydra
 11235 | D:9      | Received a gift from Okawaru
 11235 | D:9      | Reached XP level 11. HP: 66/99 MP: 11/14
 11411 | D:9      | Reached skill level 10 in Fighting
 11642 | D:9      | Found a white marble altar of Elyvilon.
 11914 | D:10     | Entered Level 10 of the Dungeon
 12243 | D:10     | Identified the Compendium of Harmful Dislocation
 12518 | D:10     | Reached skill level 1 in Armour
 13060 | D:10     | Identified the cursed +0 chain mail of the Black Moon
                  | {rPois SInv} (You found it on level 10 of the Dungeon)
 13240 | Lair:1   | Entered Level 1 of the Lair of Beasts
 14338 | Lair:1   | Received a gift from Okawaru
 14339 | Lair:1   | Got a scorched halberd {god gift}
 14340 | Lair:1   | Identified the +8 halberd "Hydra's Undoing" {freeze, Str+4}
                  | (Okawaru gifted it to you on level 1 of the Lair of Beasts)
 14439 | Lair:1   | Reached skill level 13 in Polearms
 15004 | Lair:2   | Reached ****** piety under Okawaru
 15145 | Lair:2   | Received a gift from Okawaru
 15145 | Lair:2   | Reached XP level 12. HP: 56/106 MP: 15/15
 15384 | Lair:2   | Reached skill level 14 in Polearms
 16227 | Lair:3   | Noticed Gastronok
 16232 | Lair:3   | Killed Gastronok
 16619 | Lair:3   | Received a gift from Okawaru
 16752 | Lair:3   | Found a staircase to the Snake Pit.
 16865 | Lair:3   | Reached skill level 15 in Polearms
 17019 | Lair:3   | Found a staircase to the Swamp.
 17678 | Lair:4   | Noticed a seven-headed hydra
 17696 | Lair:4   | Killed a seven-headed hydra
 17869 | Lair:4   | Noticed an eight-headed hydra
 17881 | Lair:4   | Killed an eight-headed hydra
 18337 | Lair:4   | Noticed a five-headed hydra
 18350 | Lair:4   | Killed a five-headed hydra
 18587 | Lair:4   | Noticed a six-headed hydra
 18606 | Lair:4   | Killed a six-headed hydra
 18909 | Lair:4   | Reached skill level 16 in Polearms
 19200 | Lair:4   | Reached XP level 13. HP: 93/113 MP: 16/16
 19836 | Lair:5   | Received a gift from Okawaru
 20093 | Lair:5   | You fall through a shaft!
 20093 | Lair:6   | Entered Level 6 of the Lair of Beasts
 20093 | Lair:6   | Found a runed translucent gate.
 20093 | Lair:6   | Found a runed translucent gate.
 20093 | Lair:6   | Found a viscous altar of Jiyva.
 20093 | Lair:6   | Found a runed translucent gate.
 20093 | Lair:6   | Noticed a death ooze
 20094 | Lair:6   | Noticed Voker57's ghost (journeyman DsGl)
 20094 | Lair:6   | Noticed a death ooze
 20967 | Lair:6   | Found a staircase to the Slime Pits.
 21231 | Lair:6   | Received a gift from Okawaru
 21356 | Lair:6   | Reached skill level 5 in Dodging
 22858 | Lair:6   | Reached skill level 5 in Armour
 23144 | D:11     | Found a staircase to the Orcish Mines.
 23340 | D:11     | Reached XP level 14. HP: 127/127 MP: 17/17
 23374 | D:11     | Identified the cursed +1 ring mail of Narcissism {-Tele rF+
                  | MP+9 Str+5} (You found it on level 11 of the Dungeon)
 23667 | D:11     | Found a runed translucent gate.
 23842 | D:11     | Found a runed translucent gate.
 23842 | D:11     | Found a runed translucent gate.
 23844 | D:11     | Found an opulent altar of Gozag.
 23959 | D:11     | Noticed vogonpoet's ghost (journeyman SpWr)
 24587 | D:12     | Received a gift from Okawaru
 24677 | D:12     | Got a scintillating iron ring
 24678 | D:12     | Identified the ring "Jeuph" {rElec rC+++ AC+4 Str+4 Dex-5}
                  | (You found it on level 12 of the Dungeon)
 24780 | D:13     | Found a gate to the Vaults.
 24780 | D:13     | Noticed an ironheart preserver
 24789 | D:13     | Killed an ironheart preserver
 25043 | D:13     | Noticed Rupert
 25072 | D:13     | Cast into level 3 of the Abyss (Rupert)
 25175 | Abyss:3  | Noticed a deep elf elementalist
 25203 | Abyss:3  | Noticed a tentacled starspawn
 25219 | Abyss:3  | Noticed a bone dragon
 25238 | Abyss:3  | Found a shadowy altar of Dithmenos.
 25514 | Abyss:3  | Noticed a cacodemon
 25566 | Abyss:3  | Noticed a starcursed mass
 25589 | Abyss:3  | Noticed a starcursed mass
 25590 | Abyss:3  | Noticed a starcursed mass
 25591 | Abyss:3  | Noticed a white very ugly thing
 25597 | Abyss:3  | Paralysed by accursed screaming for 1 turns
 25685 | Abyss:3  | Gained mutation: Your magical capacity is low. (-10% MP) [a
                  | neqoxec]
 25688 | Abyss:3  | Received a gift from Okawaru
 25753 | Abyss:3  | Noticed a red very ugly thing
 25758 | Abyss:3  | Noticed a bone dragon
 25763 | Abyss:3  | Noticed a cacodemon
 25767 | Abyss:3  | Found a runed translucent gate.
 25767 | Abyss:3  | Found a runed translucent gate.
 25767 | Abyss:3  | Found a runed translucent gate.
 26013 | Abyss:3  | Found a corrupted altar of Lugonu.
 26019 | Abyss:3  | Found a corrupted altar of Lugonu.
 26234 | Abyss:3  | Found a runed translucent gate.
 26428 | Abyss:3  | Noticed a tentacled starspawn
 26482 | Abyss:3  | Noticed a tentacled starspawn
 26722 | Abyss:3  | Found a runed translucent gate.
 26722 | Abyss:3  | Found a runed translucent gate.
 26902 | Abyss:3  | Reached XP level 15. HP: 40/139 MP: 16/16
 26963 | Abyss:4  | Found a corrupted altar of Lugonu.
 26992 | Abyss:4  | Noticed a tentacled starspawn
 27008 | Abyss:4  | Slain by a guardian serpent

Levels and vault maps discovered:
D:1:      minmay_arrival_hallway, layout_basic, minmay_lizard_pond
D:2:      wander_river, layout_loops_ring, gammafunk_temple_overflow_forgotten
D:3:      layout_basic, old_standard_altar
D:4:      layout_loops_corners, nicolae_ru_the_path_less_chosen, first_ration
D:5:      layout_cave_pods, makhleb_altar_promises_db, minmay_temple_entry_hall,
          uniq_eustachio
D:6:      layout_loops_corners, serial_shops, kennysheep_mini, uniq_edmund,
          uniq_pikel, uniq_blork_the_orc, uniq_menkaure, uniq_crazy_yiuf_cottage
D:7:      layout_loops_ring, kennysheep_little_box, minmay_quadrilaterals
D:8:      layout_cave_pools, erik_lair_orcish_takeover, basic_altar
D:9:      layout_long_grid, elyvilon_altar_5, serial_shops, shop,
          grunt_ministairs_5, mumra_transporter_accident, hangedman_ranch
          [blue_anna_fruit_fields]
D:10:     layout_roguey, minmay_misc_feat_iff
D:11:     layout_gridville, orc_0_dummy, ebering_ghost_gozag
D:12:     layout_roguey
D:13:     minmay_evil_eye, layout_cave_pools, skrybe_vaults_entry_preservation,
          uniq_rupert, uniq_snorg
Temple:   eino_temple_lava
Lair:1:   layout_regular_city
Lair:2:   layout_regular_city
Lair:3:   layout_roguey, minmay_swamp_entry_worms,
          minmay_snake_entry_guardpost_large, grunt_megastairs_1, uniq_gastronok
Lair:4:   layout_regular_city, nzn_random_ring, grunt_megastairs_2
Lair:5:   layout_regular_city, beast_lair_carwin_9
Lair:6:   minmay_lair_end_enchanted_forest, layout_cave_pods,
          minmay_slime_entry_pillars, gammafunk_ghost_ooze
Abyss:3:  hangedman_summoners_spam
Abyss:4:  evilmike_abyss_rune_tso_outpost

Skill      XL: |  1  2  3  4  5  6  7  8  9 10 11 12 13 14 |
---------------+-------------------------------------------+-----
Polearms       | 3 4 5 6 7 9 10 12 13 16 | 16.0
Shields        | 1 2 |  2.4
Fighting       | 4 5 7 9 10 12 14 | 14.5
Invocations    | 3 5 |  5.0
Armour         | 2 5 6 |  6.8
Dodging        | 3 5 7 |  7.3
Stealth        | |  1.1

Action                   |  1- 3 |  4- 6 |  7- 9 | 10-12 | 13-15 || total
-------------------------+-------+-------+-------+-------+-------++-------
Melee: Spear             |   156 |   220 |   504 |   390 |       ||  1270
       Kick              |    30 |    50 |   149 |   289 |   268 ||   786
       Unarmed           |       |       |     4 |       |       ||     4
       Trident           |       |       |       |   293 |       ||   293
       Halberd           |       |       |       |   244 |    45 ||   289
       Punch             |       |       |       |     1 |       ||     1
       Demon trident     |       |       |       |       |   890 ||   890
Invok: Heroism           |       |       |     1 |     9 |     2 ||    12
       Finesse           |       |       |       |     1 |     1 ||     2
  Use: Potion            |       |       |     2 |       |     2 ||     4
       Scroll            |       |       |     1 |     3 |    38 ||    42
 Stab: Sleeping          |       |     4 |       |     2 |       ||     6
       Distracted        |       |       |     1 |       |     3 ||     4
  Eat: Chunk             |     1 |     7 |    13 |    21 |    12 ||    54
       Ration            |       |       |       |     5 |     3 ||     8
Armor: Ring mail         |    43 |    13 |       |   136 |    47 ||   239
       Scale mail        |       |    41 |   138 |   128 |       ||   307
       Chain mail        |       |       |       |       |   397 ||   397
Dodge: Dodged            |    47 |    51 |    83 |   184 |   144 ||   509
       Deflected         |       |       |       |       |     4 ||     4
Block: Buckler           |    10 |    21 |    41 |    74 |   115 ||   261

Table legend:
 A = Non-vault XP
 B = Vault XP
 C = Vault XP percentage of total XP
 D = Non-vault monster count
 E = Vault monster count
 F = Vault count percentage of total count
                 A         B        C        D         E       F
            +---------+---------+-------+---------+---------+-------
      Total |   76491 |   26814 |  26.0 |     475 |     124 |  20.7
            +---------+---------+-------+---------+---------+-------
        D:1 |      62 |       5 |   7.5 |      25 |       5 |  16.7
        D:2 |      49 |       0 |   0.0 |      18 |       0 |   0.0
        D:3 |     126 |       0 |   0.0 |      24 |       0 |   0.0
        D:4 |     461 |       0 |   0.0 |      16 |       0 |   0.0
        D:5 |     824 |     197 |  19.3 |      14 |       1 |   6.7
        D:6 |     570 |    1109 |  66.1 |      13 |       5 |  27.8
        D:7 |    1669 |     419 |  20.1 |      30 |       3 |   9.1
        D:8 |    1008 |     323 |  24.3 |      16 |       7 |  30.4
        D:9 |    3035 |    2414 |  44.3 |      33 |      14 |  29.8
       D:10 |    1533 |       0 |   0.0 |      22 |       0 |   0.0
       D:11 |    1926 |       0 |   0.0 |      23 |       0 |   0.0
       D:12 |    5477 |       0 |   0.0 |      54 |       0 |   0.0
       D:13 |    1160 |    3629 |  75.8 |       3 |       9 |  75.0
     Lair:1 |    4825 |       0 |   0.0 |      25 |       0 |   0.0
     Lair:2 |    4561 |       0 |   0.0 |      23 |       0 |   0.0
     Lair:3 |    2156 |    4220 |  66.2 |      10 |      10 |  50.0
     Lair:4 |    7332 |    3019 |  29.2 |      18 |      10 |  35.7
     Lair:5 |    4739 |    1722 |  26.7 |      18 |       6 |  25.0
     Lair:6 |    7378 |    9254 |  55.6 |      27 |      51 |  65.4
    Abyss:3 |   27401 |     503 |   1.8 |      62 |       3 |   4.6
    Abyss:4 |     199 |       0 |   0.0 |       1 |       0 |   0.0
            +---------+---------+-------+---------+---------+-------
